 Dungeon Crawl Stone Soup version 0.28-a0-657-g71136c5590 (webtiles) character file.

Game seed: 4065279279223150600

2635 demibob the Cleaver (level 9, -12/78 HPs)
             Began as a Minotaur Fighter on Oct 14, 2021.
             Was a Follower of Uskayaw.
             Mangled by a two-headed ogre (20 damage)
             ... on level 7 of the Dungeon.
             The game lasted 00:18:06 (7759 turns).

demibob the Cleaver (Minotaur Fighter)              Turns: 7759, Time: 00:18:07

Health: -12/78     AC: 10    Str: 21    XL:     9   Next: 35%
Magic:  8/8        EV:  9    Int:  8    God:    Uskayaw [*.....]
Gold:   103        SH:  5    Dex: 16    Spells: 8/8 levels left

rFire   . . .      SeeInvis .   a - +4 battleaxe
rCold   . . .      Faith    .   (shield currently unavailable)
rNeg    . . .      Spirit   .   b - +0 scale mail
rPois   .          Reflect  +   (helmet restricted)
rElec   .          Harm     .   (no cloak)
rCorr   .          Rampage  .   (no gloves)
Will    .....                   o - +1 pair of boots
Stlth   ..........              j - amulet of reflection
HPRegen 0.23/turn               D - +6 ring of dexterity
MPRegen 0.11/turn               (no ring)

@: about to teleport, studying Ice Magic
A: horns 2, retaliatory headbutt
a: Renounce Religion, Stomp


You were on level 7 of the Dungeon.
You worshipped Uskayaw.
Uskayaw was noncommittal.
You visited 2 branches of the dungeon, and saw 8 of its levels.
You also visited: Sewer.

You collected 312 gold pieces.
You spent 209 gold pieces at shops.


Innate Abilities, Weirdness & Mutations

You have a pair of horns on your head.
You reflexively headbutt those who attack you in melee.


   Skills:
 + Level 6.6 Fighting
 + Level 13.1 Axes
 + Level 6.7 Armour
 - Level 3.6 Shields


You had 8 spell levels left.
You didn't know any spells.
Your spell library contained the following spells:

 Spells                   Type           Power      Damage    Failure   Level
 Conjure Flame            Conj/Fire      0%         6-21      97%         3
 Ignite Poison            Fire/Tmut/Pois 0%         N/A       97%         3
 Sticky Flame             Conj/Fire      0%         2d3       100%        4

Inventory:

Hand Weapons
 a - a +4 battleaxe (weapon)
 k - a +1 antimagic hand axe
 q - a +0 war axe
Missiles
 m - 2 throwing nets (quivered) {=f}
Armour
 b - a +0 scale mail (worn)
 g - a scarf of shadows
 o - a +1 pair of boots (worn)
Jewellery
 j - an amulet of reflection (around neck)
 D - a +6 ring of dexterity (left hand)
Wands
 t - a wand of mindburst (13)
Scrolls
 i - 2 scrolls of teleportation {@r2}
 n - a scroll of identify {@r1}
 p - 2 scrolls of immolation
Potions
 c - 4 potions of flight
 d - a potion of might
 e - a potion of haste {@q3}
 f - 4 potions of curing {@q1}
 h - a potion of mutation
 l - 2 potions of degeneration
 u - a potion of ambrosia {unknown}

Dungeon Overview and Level Annotations

Branches:
Dungeon (7/15)             Temple (1/1) D:5           Sewer (visited)

Altars:
Ashenzari
Elyvilon
Fedhas
Gozag
Kikubaaqudgha
Nemelex Xobeh
Qazlal
Ru
Trog
Uskayaw
Vehumet
Xom
Yredelemnul
Zin

Shops:
D:5 ([=!

Annotations:
D:5 1 runed translucent door, lawman0's ghost, weakling GnDe

..........
.......(. ##.
......... #...
......... ..##
........##...
...........#
#.......[.# ###
##....n@#.##....
........O.......
................
#..##.####......
.. #.. ...... #
...# ..... ...#
.... .(.. ....
### .


You could see a two-headed ogre and a necrophage.


Message History

The boulder beetle bites you!!
* * * LOW HITPOINT WARNING * * *
You feel much better. The boulder beetle bites you!!
* * * LOW HITPOINT WARNING * * *
As you read the scroll of teleportation {@r2}, it crumbles to dust.
You feel strangely unstable.
The boulder beetle bites you but does no damage.
You can no longer merge with and destroy a victim.
The boulder beetle curls into a ball and begins rolling!
Uskayaw prepares the audience for your solo!
The boulder beetle is no longer paralysed.
The kobold brigand is no longer paralysed.
The two-headed ogre is no longer paralysed.
Your surroundings suddenly seem different.
The boulder beetle stops rolling and uncurls.
There is an escape hatch in the floor here.
You block the two-headed ogre's attack.
The two-headed ogre hits you with a +0 giant club!
* * * LOW HITPOINT WARNING * * *
You slide downwards.
The hatch slams shut behind you.
Okay, then.
As you read the scroll of teleportation {@r2}, it crumbles to dust.
You feel strangely unstable. The two-headed ogre barely misses you.
You block the two-headed ogre's attack.
Found a ring mail, 35 stones and a throwing net.
You can no longer pass through a line of other dancers.
The two-headed ogre hits you with a +0 giant spiked club!
* * * LOW HITPOINT WARNING * * *
The two-headed ogre hits you with a +0 giant club!!
You die...

Skill      XL: |  1  2  3  4  5  6  7  8  9 |
---------------+----------------------------+-----
Axes           | 3 4 5 6 7 9 11 12 13 | 13.1
Fighting       | 5 6 |  6.6
Armour         | 5 6 |  6.7
Shields        | |  3.6

Action                   |  1- 3 |  4- 6 |  7- 9 || total
-------------------------+-------+-------+-------++-------
Melee: War axe           |    68 |   155 |   125 ||   348
       Headbutt          |     8 |    30 |    39 ||    77
       Battleaxe         |       |       |    21 ||    21
Evoke: Wand              |       |       |     2 ||     2
  Use: Scroll            |     3 |     8 |     6 ||    17
       Potion            |       |     1 |     7 ||     8
 Stab: Paralysed         |       |       |     1 ||     1
Armor: Scale mail        |    44 |    77 |    41 ||   162
Dodge: Dodged            |    49 |    64 |    50 ||   163
Block: Other             |       |    19 |    27 ||    46
       Reflection        |       |       |     1 ||     1

Levels and vault maps discovered:
D:1:      dpeg_arrival_shelter, layout_basic
D:2:      layout_rooms, serial_co_window_serial, co_window_cross_1,
          co_window_of_opportunity_a, co_window_paths_a, co_window_paths_a,
          co_window_corner_a, co_window_of_opportunity_a, co_window_2corner,
          co_window_broadway_b, co_window_of_opportunity_c,
          co_window_broadway_b, minmay_bisected
D:3:      layout_basic, mainiacjoe_overflow_alcove_4,
          lemuel_coloured_pillars_altar, portal_sewer_entry_f,
          chequers_big_river
D:4:      layout_basic, nicolae_qazlal_style_of_elements,
          hangedman_decor_opposing, abandoned_shop, chequers_arboretum
D:5:      layout_gridville, minmay_temple_entry_butterflies,
          hellmonk_ghost_happy_afterlife, serial_shops, shop,
          nicolae_stop_n_shop_2, nicolae_shop_temple_entry_statues_fountains,
          shop, uniq_grinder, uniq_ijyb
D:6:      layout_loops_ring, nicolae_uskayaw_dance_hall, minmay_manual_mess
D:7:      layout_rooms, gammafunk_temple_overflow_statue, serial_shops, shop,
          nicolae_inconvenience_store, shop
Temple:   zaba_magenta_temple

Notes
Turn   | Place    | Note
-------+----------+-------------------------------------------
     0 | D:1      | demibob the Minotaur Fighter began the quest for the Orb.
     0 | D:1      | Reached XP level 1. HP: 19/19 MP: 0/0
    61 | D:1      | Reached skill level 3 in Axes
    65 | D:1      | Reached XP level 2. HP: 23/26 MP: 1/1
   581 | D:2      | Reached skill level 4 in Axes
   861 | D:2      | Reached XP level 3. HP: 31/31 MP: 2/2
  1040 | D:2      | Reached skill level 5 in Axes
  1189 | D:2      | Reached XP level 4. HP: 36/39 MP: 3/3
  1978 | D:3      | Reached skill level 6 in Axes
  1994 | D:3      | Found a bloodstained altar of Trog.
  2088 | D:3      | Found a glowing drain.
  2108 | Sewer    | Entered a sewer
  2172 | Sewer    | Reached XP level 5. HP: 41/45 MP: 4/4
  3301 | D:3      | Reached skill level 7 in Axes
  3547 | D:3      | Found a broken altar of Ashenzari.
  4182 | D:4      | Reached XP level 6. HP: 40/50 MP: 5/5
  4260 | D:4      | Reached skill level 8 in Axes
  4295 | D:4      | Noticed a water elemental
  4296 | D:4      | Found a stormy altar of Qazlal.
  4299 | D:4      | Noticed a fire elemental
  4299 | D:4      | Noticed an air elemental
  4513 | D:4      | You fall into a shaft and drop 1 floor!
  4513 | D:5      | Entered Level 5 of the Dungeon
  4842 | D:4      | Noticed a yak
  4851 | D:4      | Killed a yak
  4852 | D:4      | Reached skill level 9 in Axes
  4852 | D:4      | Reached XP level 7. HP: 30/57 MP: 6/6
  4991 | D:4      | Noticed a yak
  4995 | D:4      | Noticed a yak
  5008 | D:4      | Killed a yak
  5009 | D:4      | Reached skill level 10 in Axes
  5010 | D:4      | Noticed a yak
  5010 | D:4      | Noticed a yak
  5023 | D:4      | Killed a yak
  5339 | D:4      | Killed a yak
  5340 | D:4      | Reached skill level 11 in Axes
  5340 | D:4      | Reached XP level 8. HP: 22/64 MP: 7/7
  5657 | D:4      | Identified the +0 leather armour of Vuisohen {Str+4}
  5963 | D:5      | Found Roifaz's Distillery.
  5971 | D:5      | Bought a potion of might for 44 gold pieces
  5971 | D:5      | Bought a potion of might for 44 gold pieces
  5971 | D:5      | Bought a potion of mutation for 88 gold pieces
  5971 | D:5      | Bought a potion of curing for 33 gold pieces
  6075 | D:5      | Reached skill level 12 in Axes
  6177 | D:5      | Found a runed translucent door.
  6177 | D:5      | Noticed lawman0's ghost (weakling GnDe)
  6180 | D:5      | Found Ivvazam's Jewellery Emporium.
  6228 | D:5      | Noticed Grinder
  6248 | D:5      | Reached skill level 4 in Fighting
  6248 | D:5      | Reached skill level 4 in Armour
  6249 | D:5      | Killed Grinder
  6268 | D:5      | Found Yxi Rake's Antique Armour Shoppe.
  6303 | D:5      | Reached skill level 5 in Fighting
  6303 | D:5      | Reached skill level 5 in Armour
  6705 | D:5      | Found a staircase to the Ecumenical Temple.
  6723 | Temple   | Entered the Ecumenical Temple
  6885 | D:5      | Reached XP level 9. HP: 74/74 MP: 8/8
  6960 | D:5      | Found Puamp's Antique Weapon Shop.
  7070 | D:5      | Noticed Ijyb
  7076 | D:5      | Killed Ijyb
  7316 | D:6      | Reached skill level 6 in Fighting
  7316 | D:6      | Reached skill level 6 in Armour
  7325 | D:6      | Identified a potion of resistance
  7565 | D:6      | Reached skill level 13 in Axes
  7608 | D:6      | Found a hide-covered altar of Uskayaw.
  7666 | D:6      | Became a worshipper of Uskayaw the Reveller
  7689 | D:6      | Reached * piety under Uskayaw
  7729 | D:6      | Noticed a boulder beetle
  7737 | D:6      | Reached ** piety under Uskayaw
  7738 | D:6      | Reached *** piety under Uskayaw
  7742 | D:6      | Reached **** piety under Uskayaw
  7744 | D:6      | Noticed a two-headed ogre
  7745 | D:6      | Reached ***** piety under Uskayaw
  7759 | D:7      | Mangled by a two-headed ogre

Vanquished Creatures
  Grinder (D:5)
  5 yaks (D:4)
  A water moccasin (D:5)
  A black bear (D:5)
  A sky beast (D:5)
  2 necrophages
  A kobold brigand (D:5)
  3 scorpions
  A water moccasin skeleton (D:6)
  5 wights (D:6)
  A howler monkey (D:6)
  A bullfrog zombie (D:6)
  A hound (D:6)
  A bullfrog skeleton (D:5)
  A centaur skeleton (D:6)
  2 orc priests (D:5)
  2 gnoll shamans (D:5)
  A jelly (D:6)
  An iguana (D:4)
  Ijyb (D:5)
  15 gnolls
  8 adders
  3 shadow imps
  A white imp (D:5)
  4 ufetubi
  4 worms
  A dart slug (D:2)
  10 orcs
  12 bats
  14 endoplasms
  5 giant cockroaches
  8 goblins
  5 hobgoblins
  8 jackals
  14 kobolds
  10 quokkas
  5 ball pythons
  6 frilled lizards
  5 rats
171 creatures vanquished.

Vanquished Creatures (others)
  6 plants (D:3)
6 creatures vanquished.

Grand Total: 177 creatures vanquished

Table legend: (Time is in decaauts)
 A = Elapsed time spent in this place.
 B = Non-inter-level travel time spent in this place.
 C = Inter-level travel time spent in this place.
 D = Time resting spent in this place.
 E = Time spent auto-exploring this place.
 F = Levels seen in this place.
 G = Mean time per level.
                   A        B        C        D        E       F      G
               +--------+--------+--------+--------+--------+-----+--------+
         Total |   7954 |   7686 |    268 |   1714 |   4574 |   9 |  883.8 |
       Dungeon |   6920 |   6667 |    253 |   1520 |   4092 |   7 |  988.6 |
        Temple |     86 |     71 |     15 |      0 |     25 |   1 |   86.0 |
         Sewer |    946 |    946 |      0 |    194 |    456 |   1 |  946.0 |
               +--------+--------+--------+--------+--------+-----+--------+

Top non-repeatable levels by time:
     D:4: 1669 daAuts
     D:5: 1499 daAuts
     D:3: 1304 daAuts
     D:2: 1128 daAuts
   Sewer: 946 daAuts
     D:1: 839 daAuts
     D:6: 476 daAuts
  Temple: 86 daAuts
     D:7: 2 daAuts

Table legend:
 A = Non-vault XP
 B = Vault XP
 C = Vault XP percentage of total XP
 D = Non-vault monster count
 E = Vault monster count
 F = Vault count percentage of total count
                 A         B        C        D         E       F
            +---------+---------+-------+---------+---------+-------
      Total |    3148 |     617 |  16.4 |     135 |      36 |  21.1
            +---------+---------+-------+---------+---------+-------
        D:1 |      27 |       2 |   6.9 |      17 |       1 |   5.6
        D:2 |     120 |       1 |   0.8 |      24 |       1 |   4.0
        D:3 |     101 |      10 |   9.0 |      23 |       5 |  17.9
        D:4 |    1229 |       0 |   0.0 |      23 |       0 |   0.0
        D:5 |     990 |     326 |  24.8 |      35 |       2 |   5.4
        D:6 |     681 |     219 |  24.3 |      13 |       3 |  18.8
      Sewer |       0 |      59 | 100.0 |       0 |      24 | 100.0
            +---------+---------+-------+---------+---------+-------
